 Dungeon Crawl Stone Soup version 0.28.0 (webtiles) character file.

Game seed: 11236509272359778717

81 DemonSlayer the Grave Robber (level 4, -6/24 HPs)
             Began as a Deep Elf Necromancer on Feb 5, 2022.
             Killed from afar by an orc wizard (7 damage)
             ... with a puff of flame
             ... on level 4 of the Dungeon.
             The game lasted 00:05:34 (4690 turns).

DemonSlayer the Grave Robber (Deep Elf Necromancer) Turns: 4690, Time: 00:05:34

Health: -6/24      AC:  3    Str:  5    XL:     4   Next: 20%
Magic:  6/11       EV: 13    Int: 22    God:
Gold:   133        SH:  0    Dex: 15    Spells: 8/10 levels left

rFire   . . .      SeeInvis .   g - +0 short sword
rCold   . . .      Faith    .   (no shield)
rNeg    . . .      Spirit   .   a - +0 robe
rPois   .          Reflect  .   (no helmet)
rElec   .          Harm     .   k - +0 cloak
rCorr   .          Rampage  .   (no gloves)
Will    .....                   (no boots)
Stlth   ++........              (no amulet)
HPRegen 0.08/turn               (no ring)
MPRegen 0.12/turn               (no ring)

@: no status effects
A: no striking features
a: no special abilities


You were on level 4 of the Dungeon.
You visited 1 branch of the dungeon, and saw 4 of its levels.

You collected 133 gold pieces.

Inventory:

Hand Weapons
 g - a +0 short sword (weapon)
Armour
 a - a +0 robe (worn)
 k - a +0 cloak (worn)
Scrolls
 b - 2 scrolls of teleportation {unknown}
 c - 3 scrolls of fear {unknown}
 d - 2 scrolls of vulnerability {unknown}
 f - 2 scrolls of holy word {unknown}
 j - 3 scrolls of identify {unknown}
Potions
 e - a potion of flight {unknown}
 h - a potion of haste {unknown}
 i - a potion of degeneration {unknown}


   Skills:
 + Level 0.1 Fighting
 + Level 2.7 Dodging
 + Level 2.7 Stealth
 + Level 0.6 Unarmed Combat
 + Level 3.9 Spellcasting
 + Level 6.0 Necromancy


You had 8 spell levels left.
You knew the following spells:

 Your Spells              Type           Power      Damage    Failure   Level
a - Pain                  Necr           100%       1d9       1%          1
b - Animate Skeleton      Necr           60%        N/A       1%          1

Your spell library contained the following spells:

 Spells                   Type           Power      Damage    Failure   Level
 Vampiric Draining        Necr           30%        2d8       2%          3
 Animate Dead             Necr           15%        N/A       10%         4
 Agony                    Necr           30%        N/A       26%         5


Dungeon Overview and Level Annotations

Branches:
Dungeon (4/15)
 Temple: D:4-7

Altars:
Cheibriados
Hepliaklqana
Zin


Message History

Press: ? - help, Shift-Dir - straight line Something writhes in agony.
Casting: Pain (safe; 1% risk of failure)
Confirm with . or Enter, or press ? or * to list all spells.
Aiming: Pain (safe; 1% risk of failure)
Press: ? - help, Shift-Dir - straight line Something writhes in agony.
Casting: Pain (safe; 1% risk of failure)
Confirm with . or Enter, or press ? or * to list all spells.
Aiming: Pain (safe; 1% risk of failure)
Press: ? - help, Shift-Dir - straight line Something writhes in agony.
You hear some strange, mumbled words.
A puff of flame appears from out of thin air!
The puff of flame misses you. The orc hits you with a +0 falchion.
You miss something. Something hits you.
* * * LOW HITPOINT WARNING * * *
The orc hits you with a +0 falchion.
* * * LOW HITPOINT WARNING * * *
You miss something. The orc misses you. Something barely misses you.
A giant cockroach comes into view.
Found a stone staircase leading down.
Found a scroll labelled EPASAK AFEKH.
A magic dart appears from out of thin air!
The magic dart hits you.
* * * LOW HITPOINT WARNING * * *
Found a stone staircase leading up.
You hear some strange, mumbled words.
You are confused.
You bump into the rock wall.
Something hits you but does no damage. Something hits you but does no damage.
Something hits you but does no damage.
You hear some strange, mumbled words.
Something tries to affect you, but you resist.
An orc is nearby!
An orc is nearby!
You feel less confused.
A puff of flame appears from out of thin air!
The puff of flame hits you!
You die...

####......####.## #...#
......##.## #.# #...#
......##.#####.######...###
.........o.?.#.##..........
..........{..#.............
.....>.#.....####......<...
.......#.....# #####.#.###
.......#.....# ##.###.##
######....@.## #.## #.#
#####.## ##.###.## #<#
##.#.# #.# ##.# #.# #.# #.#
#.# ..# #†# ### ... #..


You could see an orc.

Vanquished Creatures
  2 adders (D:2)
  An adder zombie (D:3)
  2 worms
  4 dart slugs
  4 orcs
  2 bats (D:1)
  3 endoplasms
  A giant cockroach (D:2)
  3 hobgoblins
  4 jackals (D:1)
  3 kobolds
  A quokka (D:1)
  4 ball pythons
  3 frilled lizards
  6 rats
43 creatures vanquished.

Vanquished Creatures (others)
  2 withered plants (D:3)
2 creatures vanquished.

Grand Total: 45 creatures vanquished

Notes
Turn   | Place    | Note
-------+----------+-------------------------------------------
     0 | D:1      | DemonSlayer the Deep Elf Necromancer began the quest for
                  | the Orb.
     0 | D:1      | Reached XP level 1. HP: 10/10 MP: 6/6
    39 | D:1      | Reached skill level 5 in Necromancy
   508 | D:1      | Reached XP level 2. HP: 12/15 MP: 5/8
   733 | D:1      | Learned a level 1 spell: Animate Skeleton
  1284 | D:2      | Found a faded altar of an unknown god.
  1368 | D:2      | Reached XP level 3. HP: 9/19 MP: 5/9
  2714 | D:3      | Found a glowing silver altar of Zin.
  2729 | D:3      | Found a snail-covered altar of Cheibriados.
  2733 | D:3      | Found a hazy altar of Hepliaklqana.
  3327 | D:3      | Reached XP level 4. HP: 21/24 MP: 7/11
  3346 | D:3      | Reached skill level 6 in Necromancy
  4680 | D:4      | HP: 1/24 [something/magic dart (4)]
  4690 | D:4      | Killed from afar by an orc wizard

Illustrated notes

Levels and vault maps discovered:
D:1:      minmay_arrival_plants_in_alcoves, layout_basic, serial_forest,
          infiniplex_forest_end_1, infiniplex_forest_clump_diagonal,
          infiniplex_forest_lined_room_2, infiniplex_forest_corner_1,
          infiniplex_forest_lined_ring, infiniplex_forest_zigzag_2,
          infiniplex_forest_clump_small, infiniplex_forest_end_3,
          serial_bayou_pond_e, minmay_misc_feat_nine_boxes
D:2:      layout_loops_corners, hellmonk_ecumenical_altar_lost_god
D:3:      layout_loops_cross, grunt_temple_overflow_diamond, serial_undead,
          serial_undead_f, serial_undead_f, serial_undead_f, serial_undead_c,
          minmay_surrounded
D:4:      layout_loops_cross, serial_shops, shop

Skill      XL: |  1  2  3  4 |
---------------+-------------+-----
Necromancy     | 5 6 |  6.0
Fighting       | |  0.1
Dodging        | |  2.7
Stealth        | |  2.7
Unarmed Combat | |  0.6
Spellcasting   | |  3.9

Action                   |  1- 3 |  4- 6 || total
-------------------------+-------+-------++-------
Melee: Unarmed           |     1 |       ||     1
       Short sword       |    20 |     2 ||    22
 Cast: Pain              |    65 |    25 ||    90
Armor: Robe              |     3 |     3 ||     6
Dodge: Dodged            |    24 |     5 ||    29
